 Dungeon Crawl Stone Soup version 0.25-a0-160-gd1d2e81aba (webtiles) character file.

Game seed: 17072438221098114220, levelgen mode: deterministic

837 KarmaPolice the Sneak (level 7, 0/37 HPs)
             Began as a Vine Stalker Assassin on Nov 20, 2019.
             Was an Initiate of Wu Jian.
             Slain by Crazy Yiuf
             ... wielding a +4 quarterstaff of chaos
              (2 damage)
             ... on level 5 of the Dungeon on Nov 21, 2019.
             The game lasted 00:26:19 (5523 turns).

KarmaPolice the Sneak (Vine Stalker Assassin)       Turns: 5523, Time: 00:26:20

Health: 0/37       AC:  4    Str: 15    XL:     7   Next: 99%
Magic:  0/8        EV: 11    Int: 11    God:    Wu Jian [......]
Gold:   309        SH:  0    Dex: 16    Spells: 4/6 levels left

rFire    + . .     SeeInvis .   C - +2 hand axe (vamp)
rCold    . . .     Gourm    .   (no shield)
rNeg     . . .     Faith    .   b - +0 robe
rPois    .         Spirit   +   (no helmet)
rElec    .         Reflect  .   c - +0 cloak
rCorr    .         Harm     .   r - +0 pair of gloves
MR       .....                  (no boots)
Stlth    +++++.....             w - amulet of magic regeneration
HPRegen  0.52/turn              o - ring of stealth
MPRegen  0.36/turn              n - ring of protection from fire

@: lethally poisoned (0 -> -2), lightly drained
A: fangs 2, regeneration 1, magic shield, antimagic bite, no potion heal 3, rot
immunity
a: Renounce Religion


You were on level 5 of the Dungeon.
You worshipped Wu Jian.
Wu Jian was noncommittal.
You were not hungry.

You visited 2 branches of the dungeon, and saw 6 of its levels.

You collected 309 gold pieces.

Inventory:

Hand Weapons
 a - a +2 dagger
 A - a +2 falchion of flaming
 B - a +1 flail of crushing
 C - a +2 vampiric hand axe (weapon)
Missiles
 d - 7 poisoned darts (quivered)
Armour
 b - a +0 robe (worn)
 c - a +0 cloak (worn)
 r - a +0 pair of gloves (worn)
 z - a +1 ring mail of fire resistance
 E - the +0 scale mail of Precision Catastrophes {Dex+4}
   (You found it on level 5 of the Dungeon)

   It affects your dexterity (+4).
Jewellery
 l - an uncursed ring of see invisible
 n - a ring of protection from fire (right hand)
 o - a ring of stealth (left hand)
 w - an amulet of magic regeneration (around neck)
Scrolls
 e - a scroll of enchant armour {unknown}
 i - 5 scrolls of remove curse
 j - 7 scrolls of identify
 p - a scroll of immolation {unknown}
 q - 3 scrolls of fear
 t - 2 scrolls of random uselessness {unknown}
 x - a scroll of enchant weapon {unknown}
 y - 2 scrolls of amnesia
 D - a scroll of teleportation
 F - a scroll of magic mapping {unknown}
Potions
 h - a potion of flight {unknown}
 k - 4 potions of curing
 m - 2 potions of magic
 s - a potion of agility {unknown}
 u - 3 potions of brilliance {unknown}
 v - 2 potions of heal wounds {unknown}
Comestibles
 f - 13 rations
 g - 4 chunks of flesh


   Skills:
 + Level 4.3(3.9) Fighting
 - Level 2.2(1.9) Short Blades
 + Level 3.2(2.8) Axes
 - Level 2.7(2.4) Throwing
 + Level 2.7(2.3) Armour
 - Level 0.7(0.4) Dodging
 - Level 7.4(7.0) Stealth
 + Level 0.7(0.4) Hexes


You had 4 spell levels left.
You knew the following spells:

 Your Spells              Type           Power        Failure   Level  Hunger
a - Slow                  Hex            #.......     41%         2    ###....

Your spell library contained the following spells:

 Spells                   Type           Power        Failure   Level  Hunger
 Beastly Appendage        Tmut           #.....       34%         1    ##.....
 Magic Dart               Conj           #...         34%         1    ##.....
 Blink                    Tloc           N/A          47%         2    ###....
 Call Imp                 Summ           #.......     47%         2    ###....
 Sticks to Snakes         Tmut           #.......     47%         2    ###....
 Conjure Flame            Conj/Fire      #.......     71%         3    ####...
 Mephitic Cloud           Conj/Pois/Air  #.......     71%         3    ####...
 Spider Form              Tmut/Pois      #.........   71%         3    ####...
 Ice Form                 Ice/Tmut       #.......     98%         4    #####..
 Blade Hands              Tmut           #.........   100%        5    ######.


Dungeon Overview and Level Annotations

Branches:
Dungeon (5/15)             Temple (1/1) D:4

Altars:
Dithmenos
Fedhas
Gozag
Hepliaklqana
Nemelex Xobeh
Ru
Sif Muna
Vehumet
Wu Jian
Xom
The Shining One

Shops:
D:5 *

Annotations:
D:4 Grinder
D:5 1 runed translucent door, Crazy Yiuf; Menkaure; anet's ghost, amateur HaWz


Innate Abilities, Weirdness & Mutations

You have extremely sharp teeth.
Your natural rate of healing is unusually fast.
When hurt, damage is shared between your health and your magic reserves.
Your bite disrupts and absorbs the magic of your enemies.
Potions cannot restore your health.
You are immune to rotting.


Message History

Crazy Yiuf is lightly wounded.
Crazy Yiuf closely misses you.
You hit Crazy Yiuf.
Crazy Yiuf is moderately wounded.
Crazy Yiuf misses you.
You closely miss Crazy Yiuf. You bite Crazy Yiuf, but do no damage.
Crazy Yiuf is moderately wounded.
Crazy Yiuf hits you with a +4 quarterstaff of chaos!
You feel drained.
You barely miss Crazy Yiuf. Your bite misses Crazy Yiuf.
Crazy Yiuf is moderately wounded.
Crazy Yiuf hits you with a +4 quarterstaff of chaos!
You are poisoned.
You hit Crazy Yiuf but do no damage. Your bite misses Crazy Yiuf.
Crazy Yiuf is moderately wounded.
You feel sick.
Crazy Yiuf hits you with a +4 quarterstaff of chaos!
* * * LOW HITPOINT WARNING * * *
Space bends around you.
You die...

#.#
#....###
# .#
#....# ##
#....# ##
#...## .
##.## . .
#.##
#....
##.#
.....
#.##
.....
##@#
####..
#g# # .#
... # .#
#...# #
.# #..)#
# ##.#
#####
.##..#
....####
.......##


You could see Crazy Yiuf.

Vanquished Creatures
  Edmund (D:5)
  3 ogres
  A centaur (D:4)
  A crimson imp (D:5)
  2 jellies (D:5)
  A hound (D:4)
  An orc priest (D:3)
  2 worker ants
  7 adders
  An ooze (D:1)
  5 worms (D:2)
  A dart slug (D:1)
  A leopard gecko (D:3)
  10 orcs
  2 ball pythons (D:2)
  9 bats
  5 giant cockroaches
  9 goblins
  8 hobgoblins
  2 jackals (D:1)
  2 quokkas
  7 frilled lizards
  9 kobolds
  A leopard gecko skeleton (D:4)
  8 rats
99 creatures vanquished.

Notes
Turn   | Place    | Note
-------+----------+-------------------------------------------
     0 | D:1      | KarmaPolice the Vine Stalker Assassin began the quest for
                  | the Orb.
     0 | D:1      | Reached XP level 1. HP: 11/11 MP: 2/2
   247 | D:1      | Reached skill level 5 in Stealth
   247 | D:1      | Reached XP level 2. HP: 15/15 MP: 3/3
   530 | D:1      | Reached XP level 3. HP: 12/18 MP: 4/4
  1027 | D:2      | Found a shimmering altar of Xom.
  1490 | D:2      | Gained mutation: Your natural rate of healing is unusually
                  | fast. [Vine Stalker growth]
  1490 | D:2      | Reached XP level 4. HP: 9/23 MP: 3/5
  2045 | D:2      | Found a hazy altar of Hepliaklqana.
  2046 | D:2      | Found a glowing golden altar of the Shining One.
  2427 | D:3      | Found a sacrificial altar of Ru.
  2710 | D:3      | Reached XP level 5. HP: 27/27 MP: 6/6
  2790 | D:3      | Reached skill level 1 in Axes
  2790 | D:3      | Reached skill level 6 in Stealth
  3125 | D:4      | Found a staircase to the Ecumenical Temple.
  3133 | Temple   | Entered the Ecumenical Temple
  3203 | Temple   | Became a worshipper of the Wu Jian Council
  3290 | D:4      | Noticed Grinder
  3367 | D:3      | Upgraded the game from 0.25-a0-110-ge29c8f2358 to
                  | 0.25-a0-160-gd1d2e81aba
  3376 | D:4      | Found a sparkling altar of Nemelex Xobeh.
  3586 | D:4      | Noticed a centaur
  3592 | D:4      | Killed a centaur
  3592 | D:4      | Reached skill level 1 in Armour
  3592 | D:4      | Reached XP level 6. HP: 32/32 MP: 7/7
  4371 | D:5      | Entered Level 5 of the Dungeon
  4391 | D:5      | Found a runed translucent door.
  4391 | D:5      | Noticed anet's ghost (amateur HaWz)
  4397 | D:5      | Reached XP level 7. HP: 29/36 MP: 8/8
  4565 | D:5      | Noticed Edmund
  4621 | D:5      | Noticed Menkaure
  4767 | D:5      | Killed Edmund
  4767 | D:5      | Reached skill level 7 in Stealth
  4804 | D:5      | Found Gozag's Platinum Reserve.
  4805 | D:5      | Found a blossoming altar of Fedhas.
  4810 | D:5      | Got a slimy scale mail
  4811 | D:5      | Identified the +0 scale mail of Precision Catastrophes
                  | {Dex+4} (You found it on level 5 of the Dungeon)
  4948 | D:5      | Found an opulent altar of Gozag.
  5121 | D:5      | Learned a level 2 spell: Slow
  5429 | D:5      | Found a runed translucent door.
  5430 | D:5      | Noticed Crazy Yiuf
  5523 | D:5      | Slain by Crazy Yiuf

Levels and vault maps discovered:
D:1:      minmay_arrival_doors, layout_loops_cross
D:2:      layout_loops_ring, nicolae_overflow_hidden_temple, tgw_xom,
          first_ration, minmay_unequal
D:3:      layout_basic, lemuel_coloured_pillars_altar,
          minmay_misc_feat_four_crosses, kennysheep_generic_room_3
D:4:      layout_cave_pods, minmay_temple_entry_offerings,
          nemelex_diamond_rough_becter, uniq_grinder
D:5:      layout_rooms, lemuel_crystal_altar, nicolae_gozag_zags_fifth_avenue,
          gammafunk_ghost_grave, minivault_11, grunt_decor_resistance,
          uniq_menkaure, uniq_crazy_yiuf_cottage, uniq_edmund
Temple:   minmay_temple_forest_path

Skill      XL: |  1  2  3  4  5  6  7 |
---------------+----------------------+-----
Fighting       | 2 3 4 |  4.3
Short Blades   | 2 |  2.2
Throwing       | 2 |  2.7
Stealth        | 5 6 7 |  7.4
Axes           | 1 2 3 |  3.2
Armour         | 1 2 |  2.7
Dodging        | |  0.7
Hexes          | |  0.7

Action                   |  1- 3 |  4- 6 |  7- 9 || total
-------------------------+-------+-------+-------++-------
Melee: Dagger            |   124 |    95 |       ||   219
       Bite              |    35 |    29 |    29 ||    93
       Hand axe          |       |    18 |    73 ||    91
       Falchion          |       |    14 |       ||    14
Throw: Dart              |     1 |    15 |    12 ||    28
Invok: Lunge             |       |     4 |     4 ||     8
  Use: Scroll            |       |     4 |     4 ||     8
 Stab: Sleeping          |     4 |    18 |     1 ||    23
  Eat: Chunk             |     2 |     8 |     5 ||    15
Armor: Robe              |    21 |    30 |    11 ||    62
Dodge: Dodged            |    55 |    82 |    44 ||   181
       Rpst.: Falchion   |       |     7 |       ||     7

Table legend:
 A = Non-vault XP
 B = Vault XP
 C = Vault XP percentage of total XP
 D = Non-vault monster count
 E = Vault monster count
 F = Vault count percentage of total count
                 A         B        C        D         E       F
            +---------+---------+-------+---------+---------+-------
      Total |     977 |     220 |  18.4 |      87 |      12 |  12.1
            +---------+---------+-------+---------+---------+-------
        D:1 |      52 |       0 |   0.0 |      27 |       0 |   0.0
        D:2 |      44 |      38 |  46.3 |      16 |      10 |  38.5
        D:3 |      81 |      13 |  13.8 |      18 |       1 |   5.3
        D:4 |     364 |       0 |   0.0 |      15 |       0 |   0.0
        D:5 |     436 |     169 |  27.9 |      11 |       1 |   8.3
            +---------+---------+-------+---------+---------+-------
